 Dungeon Crawl Stone Soup version 0.27-a0-760-gc38aae387d (webtiles) character file.

Game seed: 14363986370752134609

252 polve the Chopper (level 6, 0/84 HPs)
             Began as a Hill Orc Berserker on Mar 24, 2021.
             Was a Believer of Trog.
             Succumbed to Sigmund's poison
             ... on level 4 of the Dungeon.
             The game lasted 00:02:10 (3448 turns).

polve the Chopper (Hill Orc Berserker)              Turns: 3448, Time: 00:02:10

Health: 0/84       AC:  6    Str: 20    XL:     6   Next: 13%
Magic:  6/6        EV: 10    Int:  7    God:    Trog [**....]
Gold:   81         SH:  0    Dex: 12    Spells: 5/5 levels left

rFire    . . .     SeeInvis .   a - +0 hand axe
rCold    . . .     Faith    .   (no shield)
rNeg     . . .     Spirit   .   m - +0 scale mail
rPois    .         Reflect  .   (no helmet)
rElec    .         Harm     .   i - scarf {shadows}
rCorr    .         Rampage  .   (no gloves)
Will     .....                  (no boots)
Stlth    ..........             (no amulet)
HPRegen  0.24/turn              (no ring)
MPRegen  0.10/turn              (no ring)

@: berserking (expiring), lethally poisoned (0 -> -4), very quick
A: no striking features
a: Renounce Religion, Berserk, Trog's Hand


You were on level 4 of the Dungeon.
You worshipped Trog.
Trog was pleased with you.
You visited 1 branch of the dungeon, and saw 4 of its levels.

You collected 81 gold pieces.

Inventory:

Hand Weapons
 a - a +0 hand axe (weapon)
Armour
 i - a scarf of shadows (worn)
 m - a +0 scale mail (worn)
Scrolls
 c - 2 scrolls of teleportation {unknown}
 e - 2 scrolls of acquirement {unknown}
 f - 3 scrolls of identify {unknown}
 g - a scroll of fog {unknown}
 h - 2 scrolls of silence {unknown}
Potions
 b - a potion of flight {unknown}
 d - 3 potions of curing {unknown}
 j - a potion of degeneration {unknown}
 l - a potion of attraction {unknown}


   Skills:
 + Level 5.4 Fighting
 * Level 7.5 Axes
 - Level 2.1 Armour
 - Level 1.5 Dodging


You had 5 spell levels left.
You didn't know any spells.
Your spell library was empty.

Dungeon Overview and Level Annotations

Branches:
Dungeon (4/15)
 Temple: D:4-7

Altars:


Message History

You are too injured to fight recklessly!
You are too injured to fight recklessly!
A red film seems to cover your vision as you go berserk!
You feel yourself moving faster!
You feel mighty!
You feel extremely sick. The ufetubus barely misses you. The ufetubus hits you.
Sigmund hits you with a +3 scythe of venom.
You are more poisoned.
You slash Sigmund!
Sigmund is heavily wounded.
You slash the ufetubus!
You kill the ufetubus!
Trog accepts your kill.
You feel extremely sick.
You slash Sigmund!
Sigmund is severely wounded.
You feel sick.
Sigmund hits you with a +3 scythe of venom!
* * * LOW HITPOINT WARNING * * *
You are lethally poisoned!
You slash Sigmund!
You kill Sigmund!
Trog accepts your kill.
Trog appreciates your killing of a magic user.
* * * LOW HITPOINT WARNING * * *
You feel extremely sick.
Your Fighting skill increases to level 5!
Your Axes skill increases to level 7!
You have reached level 5!
You feel stronger.
You have reached level 6!
Your experience leads to an increase in your attributes!
Increase (S)trength, (I)ntelligence, or (D)exterity?
You feel agile.
Okay, then.
You are too berserk!
* * * LOW HITPOINT WARNING * * *
You feel sick.
You feel a strong urge to attack something.
You die...

###.# #...#.##.
#...# #.#.#.##.
#.### #.#.#.##.
####.# #.#.#.##.
..#.# #.#.#.##.
#.#.# #.#.#.##.
###.#.######.#.#.##.
#..............#.##.
....#@######.. #.##.
###.).# #.... ##.##
####. #. #...... #.
####### .# ##### #
..... ##.##


There were no monsters in sight!

Vanquished Creatures
  Sigmund (D:4)
  3 gnolls (D:3)
  2 adders (D:3)
  An ufetubus (D:4)
  A worm (D:2)
  A dart slug (D:1)
  4 ball pythons
  6 endoplasms
  A goblin (D:1)
  6 hobgoblins
  6 jackals
  5 kobolds
  A quokka (D:3)
  3 bats
  2 frilled lizards
  2 rats (D:3)
45 creatures vanquished.

Vanquished Creatures (others)
  A plant (D:1)
1 creature vanquished.

Grand Total: 46 creatures vanquished

Notes
Turn   | Place    | Note
-------+----------+-------------------------------------------
     0 | D:1      | polve the Hill Orc Berserker began the quest for the Orb.
     0 | D:1      | Reached XP level 1. HP: 19/19 MP: 1/1
   211 | D:1      | Reached XP level 2. HP: 27/27 MP: 2/2
   820 | D:2      | Reached skill level 5 in Axes
   822 | D:2      | Reached XP level 3. HP: 22/33 MP: 3/3
  1688 | D:2      | Reached ** piety under Trog
  2150 | D:3      | Reached XP level 4. HP: 28/41 MP: 4/4
  2342 | D:3      | Reached skill level 6 in Axes
  3439 | D:4      | Noticed Sigmund
  3446 | D:4      | Killed Sigmund
  3446 | D:4      | HP: 1/61 [poisoned by Sigmund]
  3447 | D:4      | Reached skill level 5 in Fighting
  3447 | D:4      | Reached skill level 7 in Axes
  3447 | D:4      | Reached XP level 5. HP: 1/48 MP: 5/5
  3447 | D:4      | Reached XP level 6. HP: 2/56 MP: 6/6
  3448 | D:4      | Succumbed to Sigmund's poison

Illustrated notes

Levels and vault maps discovered:
D:1:      scummos_arrival_hexagon, layout_loops_ring, serial_bayou,
          serial_bayou_pond_a, serial_bayou_pond_b, serial_bayou_pond_d,
          serial_bayou_pond_e
D:2:      layout_basic, serial_rivers, chequers_serial_rivers_micro_c,
          chequers_serial_rivers_micro_c, chequers_serial_rivers_room_b,
          chequers_serial_rivers_small_b, grunt_decor_one_mirror
D:3:      layout_basic
D:4:      layout_loops_ring, minmay_temple_entry_grid, lemuel_old_faithful,
          uniq_sigmund

Skill      XL: |  1  2  3  4 |
---------------+-------------+-----
Fighting       | 4 5 |  5.4
Axes           | 5 7 |  7.5
Armour         | |  2.1
Dodging        | |  1.5

Action                   |  1- 3 |  4- 6 || total
-------------------------+-------+-------++-------
Melee: Hand axe          |    86 |    38 ||   124
Invok: Berserk           |     3 |     1 ||     4
 Stab: Sleeping          |     2 |       ||     2
Armor: Animal skin       |     6 |       ||     6
       Scale mail        |     4 |    16 ||    20
       Ring mail         |     3 |       ||     3
Dodge: Dodged            |    43 |    27 ||    70

Table legend: (Time is in decaauts)
 A = Elapsed time spent in this place.
 B = Non-inter-level travel time spent in this place.
 C = Inter-level travel time spent in this place.
 D = Time resting spent in this place.
 E = Time spent auto-exploring this place.
 F = Levels seen in this place.
 G = Mean time per level.
                   A        B        C        D        E       F      G
               +--------+--------+--------+--------+--------+-----+--------+
         Total |   3494 |   3325 |    169 |     26 |   3014 |   4 |  873.5 |
       Dungeon |   3494 |   3325 |    169 |     26 |   3014 |   4 |  873.5 |
               +--------+--------+--------+--------+--------+-----+--------+

Top non-repeatable levels by time:
     D:3: 1393 daAuts
     D:2: 1180 daAuts
     D:1: 812 daAuts
     D:4: 108 daAuts
